 Dungeon Crawl Stone Soup version 0.21-a0-349-g0c35859 (webtiles) character file.

11 vishdafish the Skirmisher (level 2, 24/24 HPs)
             Began as a Demonspawn Fighter on Oct 7, 2017.
             Quit the game on level 1 of the Dungeon.
             The game lasted 00:00:28 (330 turns).

vishdafish the Skirmisher (Demonspawn Fighter)       Turns: 330, Time: 00:00:29

Health: 24/24      AC:  6    Str: 16    XL:     2   Next: 17%
Magic:  2/2        EV:  6    Int:  9    God:
Gold:   46         SH:  8    Dex: 12    Spells: 1/1 levels left

rFire    . . .     SeeInvis .   a - +0 long sword
rCold    . . .     Gourm    .   c - +0 shield
rNeg     . . .     Faith    .   b - +0 scale mail
rPois    .         Spirit   .   (no helmet)
rElec    .         Reflect  .   (no cloak)
rCorr    .         Harm     .   (no gloves)
MR       .....                  (no boots)
Stlth    +.........             (no amulet)
HPRegen  0.08/turn              (no ring)
MPRegen  0.08/turn              (no ring)

@: no status effects
A: nightstalker 1
a: no special abilities


You were on level 1 of the Dungeon.
You were not hungry.

You visited 1 branch of the dungeon, and saw 1 of its levels.

You collected 46 gold pieces.

Inventory:

Hand Weapons
 a - a +0 long sword (weapon)
Armour
 b - a +0 scale mail (worn)
 c - a +0 shield (worn)
Scrolls
 e - 2 scrolls of teleportation {unknown}
Potions
 d - a potion of might
Comestibles
 f - a bread ration
 g - 2 chunks of flesh


   Skills:
 + Level 3.2 Fighting
 + Level 1.8 Long Blades
 + Level 2.8 Armour
 + Level 3.0 Shields


You had one spell level left.
You didn't know any spells.

Dungeon Overview and Level Annotations

Branches:
Dungeon (1/15)

Altars:


Innate Abilities, Weirdness & Mutations

You are slightly more attuned to the shadows.


Message History

You are too injured to fight recklessly!
A rat is nearby!
You see here 2 chunks of flesh.
g - 2 chunks of flesh You are too injured to fight recklessly!
You are too injured to fight recklessly!
You are too injured to fight recklessly!
You closely miss the rat. The rat bites you but does no damage.
Your shield and scale mail prevent you from hitting the rat.
You block the rat's attack. The rat barely misses you.
Your shield and scale mail prevent you from hitting the rat.
You block the rat's attack.
You closely miss the rat. The rat bites you.
You slash the rat!
You kill the rat!
You see here a rat corpse.
You start resting.
HP restored.
You now have 46 gold pieces (gained 4).
Are you sure you want to abandon this character and quit the game? (Confirm with "yes".)

###...... #.......#
##########.#.#.#.###.#
........##.#.........#
........+......†.#
........##.#.).#.#
........##.#...#.##
..).....##.....#..#
........##......@.#
.........#.#...#..#
.............>......
...........)........#
.........#.#..##......
.........#.#..#.....#.#
.........#.#...........
'#####........... ...#
###...#..#...


There were no monsters in sight!

Vanquished Creatures
  A bat (D:1)
  A giant cockroach (D:1)
  A goblin (D:1)
  3 hobgoblins (D:1)
  2 kobolds (D:1)
  A rat (D:1)
9 creatures vanquished.

Notes
Turn   | Place    | Note
-------+----------+-------------------------------------------
     0 | D:1      | vishdafish the Demonspawn Fighter began the quest for the Orb.
     0 | D:1      | Reached XP level 1. HP: 18/18 MP: 1/1
   134 | D:1      | Gained mutation: You are slightly more attuned to the shadows. [demonic ancestry]
   134 | D:1      | Reached XP level 2. HP: 15/24 MP: 2/2
   330 | D:1      | Quit the game

Vault maps used:
D:1:      matt_arrival_refuge, serial_bayou, serial_bayou_crossing,
          serial_bayou_pond_e, serial_bayou_pond_c, serial_bayou_shore_a,
          grunt_decor_mini_mirrors

Skill      XL: |  1 |
---------------+----+-----
Shields        | 3 |  3.0
Fighting       | |  3.2
Long Blades    | |  1.8
Armour         | |  2.8

Action                   || total
-------------------------++-------
Melee: Long sword        ||    34
Armor: Scale mail        ||     7
Dodge: Dodged            ||    15
Block: Shield            ||    21
       Rpst.: Long sword ||     3

Table legend:
 A = Spawn XP
 B = Non-spawn XP
 C = Spawn XP percentage of total XP
 D = Spawn monster count
 E = Non-spawn monster count
 F = Spawn count percentage of total count
 G = Total turns spent on level
                    A         B        C        D         E        F      G
               +---------+---------+-------+---------+---------+-------+---------
         Total |       0 |      17 |   0.0 |       0 |       9 |   0.0 |   330
               +---------+---------+-------+---------+---------+-------+---------
           D:1 |       0 |      17 |   0.0 |       0 |       9 |   0.0 |   330
               +---------+---------+-------+---------+---------+-------+---------
